[Event "Titled Tuesday Blitz February 15 Early 2022"]
[White "Osiecki, Stanislaw"]
[Black "Krylov, Ivan"]
[WhiteFideId "1102990"]
[BlackFideId "24128066"]
[WhiteElo "2127"]
[BlackElo "2258"]
[Result "0-1"]
[Round "05"]
[TimeControl "180+1"]
[Date "2022.02.15"]
[WhiteClock "0:00:02"]
[BlackClock "0:00:13"]

1. e4 c6 2. d4 d5 3. e5 c5 4. c3 Nc6 5. h3 cxd4 6. cxd4 Bf5 7. Bd3 Bxd3 8. Qxd3 e6 9. Ne2 Nge7 10. O-O Nf5 11. Rd1 Be7 12. Nbc3 O-O 13. a3 Rc8 14. Kh1 Na5 15. g4 Nh4 16. f4 Nb3 17. Rb1 Nxc1 18. Rbxc1 Qb6 19. b4 Rc4 20. Na4 Qb5 21. Nec3 Qd7 22. Nc5 Bxc5 23. bxc5 b6 24. cxb6 axb6 25. Rb1 Qa7 26. Nb5 Qa5 27. f5 exf5 28. gxf5 Rfc8 29. Rg1 Rc2 30. f6 g6 31. e6 fxe6 32. f7+ Kf8 33. Qe3 Qd2 34. Qxd2 Rxd2 35. Nd6 Rcc2 36. Rg3 Rh2+ 37. Kg1 Rhf2 38. Rxb6 Nf3+ 39. Rxf3 Rxf3 40. Rb8+ Ke7 0-1


[Site "https://www.chess.com"]

[Event "Titled Tuesday Blitz February 15 Early 2022"]
[White "Osmonbekov, Talaibek"]
[Black "Milanovic, Marko"]
[WhiteFideId "2017253"]
[BlackFideId "980129"]
[WhiteElo "2135"]
[BlackElo "1976"]
[Result "0-1"]
[Round "05"]
[TimeControl "180+1"]
[Date "2022.02.15"]
[WhiteClock "0:00:02"]
[BlackClock "0:00:18"]

1. d4 d5 2. Nc3 Nf6 3. Bf4 a6 4. e3 Bf5 5. f3 e6 6. g4 Bg6 7. h4 h5 8. g5 Nfd7 9. Bd3 Bxd3 10. Qxd3 g6 11. Nge2 Bd6 12. O-O-O O-O 13. e4 Nb6 14. Bxd6 Qxd6 15. e5 Qe7 16. Nf4 Kg7 17. Nce2 c5 18. dxc5 Qxc5 19. Nxh5+ gxh5 20. Nf4 Rh8 21. g6 Qb4 22. Rdg1 Qxf4+ 23. Kb1 f6 24. Qc3 Nc6 25. Qb3 Nd7 26. Qxb7 Nxe5 27. Qc7 Qb4 28. f4 Rhc8 29. fxe5 Rxc7 30. exf6+ Nxf6 0-1


[Site "https://www.chess.com"]

[Event "Titled Tuesday Blitz February 15 Early 2022"]
[White "Paravyan, David"]
[Black "Kucuksari, Kaan"]
[WhiteFideId "4194985"]
[BlackFideId "6380166"]
[WhiteElo "2569"]
[BlackElo "2305"]
[Result "1-0"]
[Round "05"]
[TimeControl "180+1"]
[Date "2022.02.15"]
[WhiteClock "0:00:06"]
[BlackClock "0:00:01"]

1. e4 c6 2. d4 d5 3. e5 c5 4. Nf3 Nc6 5. dxc5 Bg4 6. Be3 e6 7. c3 Bxf3 8. Qxf3 Nge7 9. Bb5 Qa5 10. a4 Ng6 11. O-O Nxe5 12. Qg3 a6 13. b4 Qd8 14. Be2 Be7 15. Nd2 Bf6 16. b5 Ne7 17. Qh3 Nf5 18. Bd4 Ng6 19. Qg4 h5 20. Bxf6 Qxf6 21. Qb4 O-O 22. Bxh5 Ngh4 23. Bg4 Qg5 24. g3 Qxd2 25. gxh4 Nh6 26. Bf3 Qc2 27. Qd4 Qf5 28. Bg2 Qg6 29. Kh1 Rac8 30. c6 bxc6 31. bxa6 c5 32. Qd2 Ng4 33. c4 d4 34. h3 Nf6 35. a7 Ne4 36. Qe2 f5 37. Rg1 Qf6 38. Bxe4 fxe4 39. Qxe4 Qxf2 40. Rg2 Qf5 41. Qb7 Qf7 42. Rb1 Qxb7 43. Rxb7 Rf7 44. Rb8 1-0


[Site "https://www.chess.com"]

[Event "Titled Tuesday Blitz February 15 Early 2022"]
[White "Petesch, Gabriel"]
[Black "Mejia, Cherry Ann"]
[WhiteFideId "2032465"]
[BlackFideId "5206880"]
[WhiteElo "2374"]
[BlackElo "2007"]
[Result "1-0"]
[Round "05"]
[TimeControl "180+1"]
[Date "2022.02.15"]
[WhiteClock "0:00:08"]
[BlackClock "0:00:02"]

1. Nf3 d5 2. g3 Nf6 3. Bg2 b5 4. O-O c5 5. d3 e6 6. c4 a6 7. Nc3 b4 8. Na4 Be7 9. b3 O-O 10. cxd5 exd5 11. Bb2 Be6 12. Rc1 Nfd7 13. Qd2 Nc6 14. e4 Rc8 15. Rfe1 Na5 16. exd5 Bxd5 17. Qf4 Nb7 18. Ne5 Bxg2 19. Kxg2 Nf6 20. Qf3 Qd5 21. Nb6 Qxf3+ 22. Kxf3 Rc7 23. Rc2 Rd8 24. d4 Nd5 25. Nxd5 Rxd5 26. Nd3 h6 27. Nxb4 Rf5+ 28. Kg2 Bf6 29. Nxa6 Rc6 30. Nxc5 Nxc5 31. dxc5 Bxb2 32. Rxb2 Rfxc5 33. Ree2 Rc1 34. b4 Rd6 35. b5 Rdd1 36. b6 g5 37. h3 f5 38. g4 1-0


[Site "https://www.chess.com"]

[Event "Titled Tuesday Blitz February 15 Early 2022"]
[White "Pichot, Alan"]
[Black "Chigaev, Maksim"]
[WhiteFideId "110973"]
[BlackFideId "4108116"]
[WhiteElo "2543"]
[BlackElo "2502"]
[Result "0-1"]
[Round "05"]
[TimeControl "180+1"]
[Date "2022.02.15"]
[WhiteClock "0:00:02"]
[BlackClock "0:00:05"]

1. e4 e5 2. Nf3 Nc6 3. Bb5 a6 4. Ba4 Nf6 5. O-O Be7 6. Re1 b5 7. Bb3 d6 8. c3 O-O 9. h3 Na5 10. Bc2 c5 11. d4 Nd7 12. d5 Nb6 13. Nbd2 Bd7 14. Nf1 Nb7 15. Ng3 Qc7 16. Nf5 Bxf5 17. exf5 c4 18. Be3 Nc5 19. Bxc5 Qxc5 20. Be4 Nd7 21. g4 Qc7 22. Qe2 Qd8 23. Qe3 h6 24. Bc2 Bg5 25. Nxg5 Qxg5 26. Kg2 Rfe8 27. Rad1 Qxe3 28. Rxe3 Rab8 29. h4 f6 30. g5 hxg5 31. hxg5 fxg5 32. Rg3 Nf6 33. Rxg5 Kf7 34. Rg3 Rh8 35. b4 cxb3 36. axb3 Nh5 37. Rg4 Nf4+ 38. Kf3 Rbc8 39. c4 bxc4 40. b4 Rb8 41. Ra1 Rb6 42. b5 Rxb5 43. Rxa6 Nxd5 44. Ra7+ Ne7 45. Ba4 Rc5 46. Bd7 Kf6 47. Be6 g5 48. fxg6 Kxe6 49. g7 Rg8 0-1


[Site "https://www.chess.com"]

[Event "Titled Tuesday Blitz February 15 Early 2022"]
[White "Piliczewski, Bogusz"]
[Black "Grineva, Marianna"]
[WhiteFideId "1104144"]
[BlackFideId "14102013"]
[WhiteElo "1896"]
[BlackElo "1954"]
[Result "0-1"]
[Round "05"]
[TimeControl "180+1"]
[Date "2022.02.15"]
[WhiteClock "0:00:02"]
[BlackClock "0:00:14"]

1. d4 Nf6 2. Nf3 g6 3. Bf4 Bg7 4. e3 d6 5. h3 O-O 6. Be2 Nc6 7. O-O Nd7 8. c4 e5 9. Bh2 b6 10. Nc3 Bb7 11. a3 h6 12. b4 exd4 13. exd4 Ne7 14. Qd2 Nf6 15. Rfd1 Re8 16. Rac1 Nf5 17. c5 Ne4 18. Nxe4 Bxe4 19. g4 Bxf3 20. Bxf3 Nxd4 21. Bxa8 Qxa8 22. Qxd4 Bxd4 23. Rxd4 bxc5 24. bxc5 Qf3 25. cxd6 cxd6 26. Rxd6 Qxh3 27. Rd4 Qxa3 28. Rcd1 Qf3 29. Bg3 a5 30. Kh2 a4 31. R1d3 Qe2 32. Rd8 Kg7 33. Rxe8 Qxe8 34. Re3 Qd7 35. Kh3 h5 36. f3 hxg4+ 37. fxg4 Qd2 38. Rf3 Qb2 39. Rf2 Qd4 40. Re2 Qd3 0-1


[Site "https://www.chess.com"]

[Event "Titled Tuesday Blitz February 15 Early 2022"]
[White "Pinheiro, Iung Alicio de O."]
[Black "Aaditya Dhingra"]
[WhiteFideId "2104350"]
[BlackFideId "25678191"]
[WhiteElo "2643"]
[BlackElo "1789"]
[Result "1-0"]
[Round "05"]
[TimeControl "180+1"]
[Date "2022.02.15"]
[WhiteClock "0:01:41"]
[BlackClock "0:00:03"]

1. e4 c5 2. Nf3 Nc6 3. c3 d5 4. exd5 Qxd5 5. d4 Bg4 6. Be2 Nf6 7. O-O e6 8. h3 Bh5 9. Be3 O-O-O 10. dxc5 Qe4 11. Nbd2 Qg6 12. Nh4 Bxe2 13. Nxg6 Bxd1 14. Nxh8 Be2 15. Nxf7 Bxf1 16. Nxd8 Bxg2 17. Nxe6 1-0


[Site "https://www.chess.com"]

[Event "Titled Tuesday Blitz February 15 Early 2022"]
[White "Ponkratov, Pavel"]
[Black "Viani Antonio Dcunha"]
[WhiteFideId "4157800"]
[BlackFideId "5027330"]
[WhiteElo "2487"]
[BlackElo "2366"]
[Result "0-1"]
[Round "05"]
[TimeControl "180+1"]
[Date "2022.02.15"]
[WhiteClock "0:00:16"]
[BlackClock "0:00:12"]

1. d4 Nf6 2. c4 g6 3. Nc3 Bg7 4. e4 d6 5. f4 O-O 6. Nf3 c5 7. d5 a6 8. a4 e6 9. dxe6 fxe6 10. Bd3 Nc6 11. O-O e5 12. f5 gxf5 13. exf5 Nd4 14. Ng5 h6 15. Nh3 Qe8 16. Nf2 Bxf5 17. Bxf5 Nxf5 18. Nfe4 Nxe4 19. Nxe4 Qe6 20. Qg4 Rad8 21. Bxh6 Qxh6 22. Rxf5 Rxf5 23. Qxf5 Rf8 24. Qg5 Qe6 25. b3 d5 26. cxd5 Qxd5 27. Re1 Qd4+ 28. Qe3 Bh6 29. Qxd4 cxd4 30. h4 Be3+ 31. Kh2 Rf4 32. Nc5 Rxh4+ 33. Kg3 Rf4 34. Re2 Kf7 35. Nxb7 Ke6 36. b4 Kd5 37. b5 axb5 38. axb5 Rf7 39. Na5 Rg7+ 40. Kh3 Bf4 41. b6 e4 42. Rb2 e3 43. b7 Ke4 44. Nc6 Rh7+ 45. Kg4 Rg7+ 46. Kh5 Kd3 47. Nxd4 Kxd4 48. Rb4+ Kd3 49. Rxf4 Rxb7 50. Rf3 Ke4 51. Rf8 Re7 52. Rf1 e2 53. Re1 Kf4 54. g4 Re5+ 55. Kh4 Kf3 56. g5 Kf4 57. g6 Re8 58. Kh5 Rh8# 0-1


[Site "https://www.chess.com"]

[Event "Titled Tuesday Blitz February 15 Early 2022"]
[White "Poormosavi, Seyed Kian"]
[Black "Fajdetic, Hrvoje"]
[WhiteFideId "12585807"]
[BlackFideId "14501945"]
[WhiteElo "2116"]
[BlackElo "2140"]
[Result "1-0"]
[Round "05"]
[TimeControl "180+1"]
[Date "2022.02.15"]
[WhiteClock "0:00:59"]
[BlackClock "0:00:01"]

1. Nf3 f5 2. d4 Nf6 3. g3 e6 4. Bg2 Be7 5. O-O O-O 6. c4 d6 7. Nc3 Ne4 8. Qb3 Nxc3 9. bxc3 Nc6 10. Nd2 e5 11. c5+ Kh8 12. cxd6 cxd6 13. e3 f4 14. exf4 exf4 15. Nf3 Bg4 16. Bxf4 Qe8 17. Ng5 Qh5 18. Qxb7 Bxg5 19. Bxg5 Qxg5 20. Qxc6 Rad8 21. Rab1 Qf6 22. f3 Bf5 23. Rb7 Rc8 24. Rc7 Rxc7 25. Qxc7 a6 26. Re1 h5 27. Qe7 Rc8 28. Qxf6 gxf6 29. Re3 Rb8 30. Bf1 a5 31. h3 Rb2 32. g4 Bg6 33. Re6 Kg7 34. a4 Rc2 35. Re3 Ra2 36. Bb5 hxg4 37. hxg4 Ra3 38. Kf2 f5 39. Kg3 Kf6 40. Kf4 fxg4 41. fxg4 Bc2 42. g5+ Kg7 43. c4 Ra1 44. c5 Bxa4 45. Bxa4 Rxa4 46. cxd6 Rc4 47. Ke5 1-0


[Site "https://www.chess.com"]

[Event "Titled Tuesday Blitz February 15 Early 2022"]
[White "Popadic, Dragan"]
[Black "Maranhao,Jose Renato Ruiz"]
[WhiteFideId "913650"]
[BlackFideId "2135175"]
[WhiteElo "2199"]
[BlackElo "1970"]
[Result "1-0"]
[Round "05"]
[TimeControl "180+1"]
[Date "2022.02.15"]
[WhiteClock "0:01:04"]
[BlackClock "0:00:03"]

1. e4 c6 2. d4 d5 3. Nd2 dxe4 4. Nxe4 Bf5 5. Ng3 Bg6 6. h4 h6 7. Nf3 Nd7 8. h5 Bh7 9. Bd3 Bxd3 10. Qxd3 Ngf6 11. Bd2 e6 12. O-O-O Be7 13. Ne4 Nxe4 14. Qxe4 Nf6 15. Qe2 Qd5 16. Kb1 Qe4 17. Be3 Nd5 18. Nd2 Qh7 19. g4 O-O-O 20. f3 Nxe3 21. Qxe3 Bf6 22. Ne4 Rd5 23. c3 Rhd8 24. Rde1 e5 25. dxe5 Bxe5 26. Qxa7 f5 27. gxf5 Qxf5 28. Rhf1 Qxh5 29. a3 Bb8 30. Qg1 Rd3 31. Qxg7 Be5 32. Qg4+ Qxg4 33. fxg4 Bc7 34. Rh1 Rf3 35. Rxh6 Rg8 36. g5 Rf4 37. Rhh1 Re8 38. Nd6+ 1-0


[Site "https://www.chess.com"]

[Event "Titled Tuesday Blitz February 15 Early 2022"]
[White "Pourkashiyan, Atousa"]
[Black "Gozzoli, Yannick"]
[WhiteFideId "12502014"]
[BlackFideId "616915"]
[WhiteElo "2247"]
[BlackElo "2609"]
[Result "0-1"]
[Round "05"]
[TimeControl "180+1"]
[Date "2022.02.15"]
[WhiteClock "0:00:11"]
[BlackClock "0:01:20"]

1. e4 Nf6 2. e5 Nd5 3. d4 d6 4. Nf3 g6 5. c4 Nb6 6. Be2 Bg7 7. O-O O-O 8. exd6 cxd6 9. Nc3 Nc6 10. Be3 Bg4 11. b3 d5 12. c5 Nc8 13. Rb1 e6 14. b4 a6 15. a4 N8e7 16. b5 axb5 17. axb5 Na5 18. Bg5 h6 19. Bxe7 Qxe7 20. Re1 Bxf3 21. Bxf3 Qf6 22. Ne2 Nc4 23. Qd3 Ra3 24. Rb3 Rfa8 25. c6 bxc6 26. bxc6 Qd8 27. Rc1 Qc7 28. h4 h5 29. Qd1 Qxc6 30. Rxa3 Rxa3 31. Qc2 Qa6 32. Qb1 Qa7 33. Qb5 Bxd4 34. Nxd4 Qxd4 35. Qe8+ Kg7 36. Rb1 Ra1 37. Rxa1 Qxa1+ 38. Kh2 Qd4 39. g3 Qxf2+ 40. Bg2 Ne3 0-1


[Site "https://www.chess.com"]

[Event "Titled Tuesday Blitz February 15 Early 2022"]
[White "Przybylski, Wojciech"]
[Black "Dreev, Aleksey"]
[WhiteFideId "1117599"]
[BlackFideId "4100107"]
[WhiteElo "2508"]
[BlackElo "2862"]
[Result "0-1"]
[Round "05"]
[TimeControl "180+1"]
[Date "2022.02.15"]
[WhiteClock "0:00:01"]
[BlackClock "0:00:20"]

1. e4 e5 2. Nf3 d6 3. Bc4 Nf6 4. Nc3 Be7 5. O-O O-O 6. h3 c6 7. d3 b5 8. Bb3 Nbd7 9. a3 Nc5 10. Ba2 a5 11. Re1 b4 12. Ne2 Rb8 13. axb4 axb4 14. Bb1 Nh5 15. Be3 Ne6 16. d4 Qc7 17. c3 c5 18. Ba2 c4 19. dxe5 dxe5 20. Qd5 b3 21. Bb1 Nhf4 22. Qxe5 Bd6 23. Qa5 Nxe2+ 24. Rxe2 Bb7 25. Qxc7 Bxc7 26. Nd2 Ra8 27. Rxa8 Rxa8 28. Re1 Ba6 29. g3 Bd6 30. f4 Rd8 31. Kf2 Bc5 32. Ke2 g6 33. Nf3 Bxe3 34. Kxe3 Nc5 35. Ne5 Na4 36. Nc6 Rd6 37. Nb4 Nxb2 38. Nxa6 Rxa6 0-1


[Site "https://www.chess.com"]

[Event "Titled Tuesday Blitz February 15 Early 2022"]
[White "Qashashvili, Alexandre"]
[Black "Vargas Pereda, Jesus Manue"]
[WhiteFideId "13600842"]
[BlackFideId "5115710"]
[WhiteElo "2316"]
[BlackElo "1768"]
[Result "1-0"]
[Round "05"]
[TimeControl "180+1"]
[Date "2022.02.15"]
[WhiteClock "0:01:15"]
[BlackClock "0:00:38"]

1. e4 c6 2. Nf3 d5 3. exd5 cxd5 4. d4 Nc6 5. c3 Bg4 6. Be2 e6 7. h3 Bxf3 8. Bxf3 Nf6 9. Bg5 Be7 10. Nd2 O-O 11. O-O Nd7 12. Bxe7 Qxe7 13. Re1 Nf6 14. Qe2 Rac8 15. Nf1 Qd6 16. Ne3 Rfe8 17. Qd3 Red8 18. h4 a6 19. h5 h6 20. Ng4 Qf4 21. Nxf6+ Qxf6 22. Re3 Ne7 23. Rae1 Nf5 24. Re5 b5 25. a3 Rc4 26. Bd1 Rdc8 27. Bc2 a5 28. g4 Qg5 29. f3 b4 30. axb4 axb4 31. Kf1 bxc3 32. gxf5 cxb2 33. fxe6 Rxc2 34. Rxg5 Rc1 35. exf7+ Kxf7 36. Qg6+ 1-0


[Site "https://www.chess.com"]

[Event "Titled Tuesday Blitz February 15 Early 2022"]
[White "Redzisz, Michal"]
[Black "Zhu, Jiner"]
[WhiteFideId "21816107"]
[BlackFideId "8608059"]
[WhiteElo "1961"]
[BlackElo "2281"]
[Result "0-1"]
[Round "05"]
[TimeControl "180+1"]
[Date "2022.02.15"]
[WhiteClock "0:00:09"]
[BlackClock "0:00:16"]

1. c4 e6 2. Nc3 d5 3. e3 Nf6 4. b3 Bd6 5. Bb2 O-O 6. Qc2 a6 7. Nf3 b6 8. Bd3 Bb7 9. cxd5 exd5 10. Ne2 Ne4 11. Ng3 Re8 12. Rc1 c5 13. Nf5 Bf8 14. h4 Nc6 15. a3 Qd7 16. g4 Rac8 17. Ng5 Na5 18. f3 c4 19. Bxe4 dxe4 20. b4 Nb3 21. fxe4 Nxc1 22. Qxc1 Bxe4 23. Qc3 Bxf5 24. gxf5 Qxf5 25. Rf1 Qb1+ 26. Kf2 Qd3 27. Qc1 h6 28. Nf3 Re6 29. Ke1 Bd6 30. Rg1 Rg6 31. Rxg6 Qxg6 32. Qc3 Qg3+ 33. Ke2 Qg2+ 34. Ke1 f6 35. Nd4 Kh8 36. Kd1 Be5 37. Kc2 b5 38. Kb1 Qe4+ 39. Ka2 Bxd4 40. exd4 Re8 41. Qg3 Qd3 42. a4 Qxg3 0-1


[Site "https://www.chess.com"]

[Event "Titled Tuesday Blitz February 15 Early 2022"]
[White "Riehle, Marco"]
[Black "Chernomordik, Pavel"]
[WhiteFideId "12904392"]
[BlackFideId "2804530"]
[WhiteElo "2462"]
[BlackElo "2249"]
[Result "0-1"]
[Round "05"]
[TimeControl "180+1"]
[Date "2022.02.15"]
[WhiteClock "0:00:09"]
[BlackClock "0:00:07"]

1. e4 g6 2. d4 Bg7 3. c4 Nc6 4. Be3 e5 5. d5 Nd4 6. Ne2 c5 7. dxc6 dxc6 8. Nbc3 Be6 9. b3 Qa5 10. Qc1 O-O-O 11. f3 f5 12. Kf2 Nf6 13. exf5 gxf5 14. Na4 Rhf8 15. Bxd4 exd4 16. Nf4 Bd7 17. Bd3 Bh6 18. g3 c5 19. Qe1 Qc7 20. Qe7 Bxf4 21. gxf4 Bxa4 22. Qxc7+ Kxc7 23. bxa4 Nh5 24. Rhe1 Nxf4 25. Rad1 Kd6 26. Kg3 Ne6 27. Rb1 b6 28. a5 Rg8+ 29. Kf2 Nf4 30. Bxf5 Rg2+ 31. Kf1 Rdg8 32. Bg4 Rxh2 33. axb6 axb6 34. Rxb6+ Kc7 35. Rbe6 Rh1+ 36. Kf2 Nd3+ 37. Ke2 Nxe1 38. Re7+ Kd6 39. Re6+ Kc7 40. Re7+ Kb6 41. Re6+ Ka5 42. a3 d3+ 43. Kd2 Rd8 44. Rc6 Rh2+ 45. Kd1 Nc2 46. Bc8 Ne3+ 47. Kc1 d2+ 48. Kb2 d1=Q+ 49. Kc3 Rd3# 0-1


[Site "https://www.chess.com"]

[Event "Titled Tuesday Blitz February 15 Early 2022"]
[White "Rodchenkov, Sergey D."]
[Black "Jumabayev, Rinat"]
[WhiteFideId "4168712"]
[BlackFideId "13702661"]
[WhiteElo "2506"]
[BlackElo "2812"]
[Result "0-1"]
[Round "05"]
[TimeControl "180+1"]
[Date "2022.02.15"]
[WhiteClock "0:00:20"]
[BlackClock "0:00:49"]

1. e4 d6 2. d4 g6 3. Nc3 Bg7 4. Be3 c6 5. a4 Nf6 6. Qd2 Qa5 7. Nf3 e5 8. dxe5 dxe5 9. Be2 O-O 10. O-O Rd8 11. Nd5 Rxd5 12. exd5 Qxd2 13. Bxd2 Nxd5 14. c4 Nc7 15. Bc3 e4 16. Ne5 Nba6 17. Rad1 Be6 18. Nd7 Bxc3 19. bxc3 Kg7 20. c5 Rd8 21. Bxa6 Nxa6 22. Ne5 Re8 23. Rb1 Nxc5 24. Rfd1 Re7 25. Nf3 exf3 26. gxf3 Nxa4 27. Rd4 Nxc3 28. Rb2 Bd5 29. h3 Ne2+ 0-1


[Site "https://www.chess.com"]

[Event "Titled Tuesday Blitz February 15 Early 2022"]
[White "Rodchenkov, Vitaly"]
[Black "Jakubowski, Krzysztof"]
[WhiteFideId "4152964"]
[BlackFideId "1112848"]
[WhiteElo "2337"]
[BlackElo "2365"]
[Result "0-1"]
[Round "05"]
[TimeControl "180+1"]
[Date "2022.02.15"]
[WhiteClock "0:00:34"]
[BlackClock "0:00:21"]

1. Nf3 d5 2. c4 d4 3. d3 c5 4. g3 Nc6 5. Bg2 e5 6. O-O Be7 7. Na3 Nf6 8. Nc2 O-O 9. Rb1 a5 10. b3 h6 11. a3 Qc7 12. Bd2 b6 13. b4 Ra7 14. e3 Bf5 15. e4 Be6 16. bxc5 bxc5 17. Nh4 Nd7 18. Nf5 Bf6 19. f4 Kh7 20. Qe2 a4 21. Rb5 Na5 22. Bxa5 Rxa5 23. fxe5 Nxe5 24. Rbb1 Rb8 25. Qd2 Rb3 26. Rxb3 axb3 27. Ne1 Rxa3 28. Nxh6 Ra2 29. Qc1 b2 30. Qb1 Qa5 31. Nf5 Bg5 32. Nc2 Bd2 33. Qd1 g6 34. Nd6 Qc3 35. Nb5 Qxd3 36. Nba3 Be3+ 37. Nxe3 Qxe3+ 38. Kh1 Rxa3 0-1


[Site "https://www.chess.com"]

[Event "Titled Tuesday Blitz February 15 Early 2022"]
[White "Ronka, Erik"]
[Black "Prohorov, Olexandr"]
[WhiteFideId "505080"]
[BlackFideId "14105578"]
[WhiteElo "2264"]
[BlackElo "1993"]
[Result "1-0"]
[Round "05"]
[TimeControl "180+1"]
[Date "2022.02.15"]
[WhiteClock "0:00:42"]
[BlackClock "0:00:10"]

1. d4 Nf6 2. Nf3 c5 3. d5 b5 4. c3 Bb7 5. e4 Nxe4 6. Bxb5 Nd6 7. Be2 g6 8. O-O Bg7 9. c4 O-O 10. Nc3 e6 11. Bf4 Nf5 12. Qd2 exd5 13. Nxd5 Nc6 14. Bg5 Qa5 15. Qf4 Ncd4 16. Nxd4 Nxd4 17. Bd3 Bxd5 18. cxd5 Qb6 19. Rab1 Rfe8 20. Qd2 d6 21. h3 Qb7 22. Bc4 Qd7 23. Bf4 Rad8 24. b4 cxb4 25. Rxb4 Qf5 26. Rd1 Re4 27. Bg3 Re7 28. Bf1 h6 29. Rxd4 Bxd4 30. Qxd4 Rb8 31. Bxd6 1-0


[Site "https://www.chess.com"]

[Event "Titled Tuesday Blitz February 15 Early 2022"]
[White "Rostovtsev, Dmitry"]
[Black "Voege, Tobias"]
[WhiteFideId "34278320"]
[BlackFideId "1270513"]
[WhiteElo "2801"]
[BlackElo "2574"]
[Result "1-0"]
[Round "05"]
[TimeControl "180+1"]
[Date "2022.02.15"]
[WhiteClock "0:02:12"]
[BlackClock "0:00:39"]

1. e4 c5 2. Nf3 Nc6 3. Bb5 g6 4. O-O Bg7 5. c3 Nf6 6. Re1 O-O 7. d4 cxd4 8. cxd4 d5 9. e5 Ne8 10. Nc3 Nc7 11. Bxc6 bxc6 12. h3 f6 13. Bf4 fxe5 14. Bxe5 Ne6 15. Bxg7 Nxg7 16. Ne5 Qd6 17. Rc1 Bf5 18. Na4 Rac8 19. Nc5 g5 20. Qd2 h6 21. b3 Ne6 22. Nxe6 Qxe6 23. Nxc6 Be4 24. Ne5 Qd6 25. f3 Bh7 26. b4 Rb8 27. a3 Rfc8 28. Rc5 Rxc5 29. dxc5 Qe6 30. Ng4 Qg6 31. Qxd5+ Kh8 32. Qe5+ 1-0


[Site "https://www.chess.com"]

[Event "Titled Tuesday Blitz February 15 Early 2022"]
[White "Rozhkov, Viacheslav"]
[Black "Shton, Roman"]
[WhiteFideId "4181484"]
[BlackFideId "14137461"]
[WhiteElo "2324"]
[BlackElo "2038"]
[Result "1-0"]
[Round "05"]
[TimeControl "180+1"]
[Date "2022.02.15"]
[WhiteClock "0:00:20"]
[BlackClock "0:00:13"]

1. e4 Nf6 2. Nc3 d5 3. e5 Nfd7 4. f4 c5 5. Nf3 Nc6 6. Bb5 Ndb8 7. O-O Bg4 8. h3 Bxf3 9. Qxf3 e6 10. f5 Qc7 11. d3 a6 12. Bxc6+ Nxc6 13. Bg5 Nxe5 14. Qg3 Bd6 15. fxe6 fxe6 16. Rae1 Ng6 17. Rxe6+ Kd7 18. Qg4 Kc6 19. Nxd5 Qd7 20. Qe4 Qxe6 21. Qxe6 Rae8 22. Nb4+ cxb4 23. Qc4+ Kb6 24. d4 Rc8 25. Qd3 Rhe8 26. c4 bxc3 27. bxc3 h6 28. Be3 Ne7 29. c4 Bc5 30. dxc5+ Ka7 31. c6+ Kb8 32. cxb7 Rcd8 33. Bf4+ Kxb7 34. Qe4+ Nc6 35. Qg6 Rd7 36. Rb1+ Ka7 37. Qxc6 Rde7 38. Qb6+ Ka8 39. Qxa6+ 1-0


[Site "https://www.chess.com"]

[Event "Titled Tuesday Blitz February 15 Early 2022"]
[White "Ruperez Benito, Antonio"]
[Black "Sokolovsky, Yahli"]
[WhiteFideId "22245049"]
[BlackFideId "2820242"]
[WhiteElo "2705"]
[BlackElo "2537"]
[Result "0-1"]
[Round "05"]
[TimeControl "180+1"]
[Date "2022.02.15"]
[WhiteClock "0:00:15"]
[BlackClock "0:00:14"]

1. d4 d5 2. c4 c6 3. Nc3 e6 4. Nf3 f5 5. Bf4 Nf6 6. e3 Be7 7. Qc2 O-O 8. Bd3 Nbd7 9. h3 Ne4 10. g4 g5 11. Be5 Nxe5 12. Nxe5 Bf6 13. O-O-O Qa5 14. Bxe4 fxe4 15. f4 Bxe5 16. fxe5 Bd7 17. h4 gxh4 18. Rxh4 Be8 19. Rdh1 Bg6 20. Ne2 Rf2 21. R4h2 Raf8 22. b3 Rxh2 23. Rxh2 Rf1+ 24. Kb2 Qe1 25. cxd5 exd5 26. e6 Be8 27. e7 b5 28. Rg2 b4 29. Nc1 Qxe3 30. Rd2 Qc3+ 31. Qxc3 bxc3+ 32. Kxc3 Rxc1+ 33. Kb4 Rg1 34. Kc5 Rxg4 35. Kd6 e3 36. Re2 Re4 37. b4 h5 38. Kc7 Rxe7+ 39. Kd8 Re4 0-1


[Site "https://www.chess.com"]

[Event "Titled Tuesday Blitz February 15 Early 2022"]
[White "Rustemov, Alexander"]
[Black "Urbina Perez, Juan Antonio"]
[WhiteFideId "4119002"]
[BlackFideId "2217368"]
[WhiteElo "2787"]
[BlackElo "2518"]
[Result "1-0"]
[Round "05"]
[TimeControl "180+1"]
[Date "2022.02.15"]
[WhiteClock "0:00:19"]
[BlackClock "0:00:08"]

1. d4 e6 2. c4 d5 3. Nf3 Nf6 4. Nc3 c6 5. e3 Nbd7 6. Qc2 Bd6 7. Bd2 b6 8. O-O-O Bb7 9. Kb1 Rc8 10. e4 dxe4 11. Nxe4 Nxe4 12. Qxe4 Nf6 13. Qh4 Be7 14. Ne5 c5 15. Be3 O-O 16. Bd3 cxd4 17. Bg5 h6 18. Bxh6 gxh6 19. Qxh6 Be4 20. Rhe1 Rc5 21. Rxe4 Nxe4 22. Bxe4 f5 23. Qxe6+ Kg7 24. Qg6+ Kh8 25. Bxf5 Rxf5 26. Qxf5 Bf6 27. Nf7+ Kg7 28. Qxc5 bxc5 29. Nxd8 Bxd8 30. Kc2 1-0


[Site "https://www.chess.com"]

[Event "Titled Tuesday Blitz February 15 Early 2022"]
[White "Sadovsky, Artem"]
[Black "Moskalenko, Alexander"]
[WhiteFideId "4155840"]
[BlackFideId "4155351"]
[WhiteElo "2565"]
[BlackElo "2807"]
[Result "1-0"]
[Round "05"]
[TimeControl "180+1"]
[Date "2022.02.15"]
[WhiteClock "0:00:12"]
[BlackClock "0:00:16"]

1. Nf3 c5 2. e3 d5 3. d4 Nf6 4. Be2 Nc6 5. O-O Bg4 6. dxc5 e6 7. a3 a5 8. c4 dxc4 9. Qa4 Bxc5 10. Qxc4 Qd5 11. Qb5 Bd6 12. Nc3 Qxb5 13. Nxb5 Bb8 14. h3 Bh5 15. Rd1 O-O 16. Kf1 Ne5 17. Nxe5 Bxe2+ 18. Kxe2 Bxe5 19. f4 Bb8 20. Kf3 a4 21. Bd2 Rd8 22. Bb4 Re8 23. e4 e5 24. f5 h5 25. g4 hxg4+ 26. hxg4 Nh7 27. Rd7 Ng5+ 28. Ke3 Ba7+ 29. Nxa7 Rxa7 30. Rc1 Ra6 31. Be7 f6 32. Rxb7 Raa8 33. Rcc7 Reb8 34. Bd6 Rxb7 35. Rxb7 Ra6 36. Bb4 Rc6 37. Kd3 Rc1 38. Bd2 Rg1 39. Bxg5 fxg5 40. Kc4 Rxg4 41. Kd5 Rg1 42. Kxe5 g4 43. Kf4 g3 44. Kf3 g2 45. Rb4 Kf7 46. Kf2 Re1 47. Kxg2 Kf6 48. Kf3 Rb1 49. Kf4 Rf1+ 50. Ke3 Rb1 51. Kd4 Rd1+ 52. Kc5 Rd2 53. Kb5 Ke5 54. Rxa4 Rxb2+ 55. Rb4 Rd2 56. a4 Rd8 57. a5 Rb8+ 58. Ka4 Ra8 59. Kb5 Rb8+ 60. Ka4 Ra8 61. Rc4 Kd6 62. Kb5 Rb8+ 63. Ka6 Rb1 64. Ka7 Rb2 65. a6 Rb1 66. Rc8 Rb4 67. Re8 Kd7 68. Re6 Rb3 69. Rb6 Re3 70. Kb7 Rxe4 71. a7 Re7 72. a8=Q 1-0


[Site "https://www.chess.com"]

[Event "Titled Tuesday Blitz February 15 Early 2022"]
[White "Sahil, Tickoo"]
[Black "Clawitter, Craig"]
[WhiteFideId "5019710"]
[BlackFideId "2023105"]
[WhiteElo "2099"]
[BlackElo "2127"]
[Result "0-1"]
[Round "05"]
[TimeControl "180+1"]
[Date "2022.02.15"]
[WhiteClock "0:00:11"]
[BlackClock "0:00:37"]

1. d4 e6 2. Bf4 Nf6 3. e3 b6 4. Qf3 d5 5. Nd2 Bd6 6. Bd3 Bxf4 7. Qxf4 Qd6 8. Qxd6 cxd6 9. c3 Ba6 10. Bxa6 Nxa6 11. Ngf3 Ke7 12. O-O Ne4 13. Rfd1 h6 14. h3 Rhc8 15. Kf1 Rc6 16. a4 Rac8 17. Nxe4 dxe4 18. Nd2 f5 19. Ke2 Nc7 20. f3 exf3+ 21. gxf3 Nd5 22. h4 g6 23. Rg1 Kf6 24. Kd3 R6c7 25. Rg2 Rg7 26. Nc4 Rxc4 27. Kxc4 Nxe3+ 28. Kb5 Nxg2 29. Ka6 Nxh4 30. b4 Nxf3 0-1


[Site "https://www.chess.com"]